Map: Catalyst LE

Players

Elazer

  • Race: Zerg Zerg
  • Spawn Location: 11:00

Scarlett - Winner!

  • Race: Zerg Zerg
  • Spawn Location: 5:00

Event: IEM Season 12 - PyeongChang

VOD

Have the link to the VOD?

Description

Time

  • Played on: Feb. 6, 2018, 9:23 p.m.
  • Length: 9:45

All games in this series

Show
View Real Time Build Order
Export as new Build Order

Elazer Zerg 

Build Orders: Hatch First 

Get SALT Encoding   

  12  0:00  Drone  
  13  0:12  Overlord  
  13  0:16  Drone  
  14  0:30  Drone x2  
  14  0:34  Drone  
  17  0:52  Hatchery  
  17  0:54  Drone  
  17  0:57  Drone  
  17  1:01  Extractor  
  17  1:13  Spawning Pool  
  17  1:16  Drone  
  17  1:19  Drone  
  18  1:27  Drone  
  19  1:38  Overlord  
  19  2:00  Queen  
  21  2:01  Metabolic Boost, Zergling x4  
  21  2:04  Queen  
  21  2:07  Zergling x2  
  26  2:12  Drone  
  26  2:15  Drone  
  28  2:21  Drone  
  29  2:25  Drone  
  30  2:37  Hatchery  
  30  2:39  Drone  
  30  2:45  Overlord  
  30  2:47  Drone  
  30  2:49  Drone  
  32  2:54  Drone  
  32  3:00  Evolution Chamber  
  32  3:05  Drone  
  32  3:06  Drone  
  32  3:10  Drone  
  32  3:12  Drone x2  
  36  3:13  Drone x2  
  36  3:19  Drone  
  39  3:25  Overlord  
  39  3:28  Drone  
  40  3:34  Queen  
  40  3:37  Zergling x2  
  43  3:45  Zergling x14  
  50  3:49  Spine Crawler  
  50  3:51  Zergling x2  
  50  4:01  Zergling x8  
  50  4:02  Zergling x2  
  52  4:09  Zerg Ground Armor Level 1  
  51  4:18  Queen  
  51  4:20  Zergling x2  
  51  4:23  Zergling x2  
  41  4:26  Zergling x2  
  41  4:27  Zergling x6  
  40  4:34  Zergling x2  
  40  4:37  Zergling x2  
  44  4:41  Queen  
  44  4:42  Zergling x2  
  44  4:43  Zergling x2  
  44  4:45  Baneling Nest  
  45  4:48  Zergling x2  
  46  4:57  Zergling x2  
  46  4:58  Queen, Zergling x4  
  50  5:13  Overlord  
  50  5:14  Drone x2  
  51  5:27  Overlord  
  51  5:34  Baneling x3  
  51  5:37  Drone  
  51  5:38  Hatchery  
  51  5:41  Drone x2  
  51  5:42  Drone x2  
  55  5:46  Baneling x2  
  55  5:48  Zergling x6  
  54  5:55  Zergling x2  
  55  6:04  Zergling x4  
  55  6:07  Zergling x2  
  55  6:08  Zergling x2  
  55  6:10  Hatchery  
  56  6:13  Zergling x2  
  56  6:18  Baneling x3  
  57  6:19  Zergling x4  
  59  6:28  Zergling x4  
  60  6:38  Drone x2  
  60  6:40  Drone  
  60  6:41  Drone x3  
  60  6:42  Drone  
  60  6:44  Drone, Lair  
  60  6:46  Zerg Missile Weapons Level 1  
  66  6:48  Drone  
  66  6:52  Extractor  
  66  6:53  Drone  
  67  6:55  Roach Warren  
  66  7:04  Overlord  
  66  7:06  Drone  
  67  7:10  Drone  
  67  7:13  Drone  
  67  7:20  Evolution Chamber  
  67  7:21  Overlord x2  
  66  7:25  Drone  
  66  7:28  Extractor  
  67  7:30  Drone  
  67  7:31  Drone x3  
  67  7:35  Overlord  
  71  7:40  Roach, Extractor  
  71  7:41  Roach x7  
  86  7:49  Overlord, Glial Reconstitution  
  86  7:57  Overlord  
  88  7:58  Roach x2  
  88  8:05  Roach x3  
  96  8:09  Overlord  
  96  8:13  Overlord  
  96  8:14  Roach x3  
  96  8:19  Overlord, Extractor  
  100  8:23  Roach x2  
  100  8:25  Overlord  
  104  8:29  Roach  
  104  8:33  Roach  
  108  8:35  Roach  
  108  8:37  Roach  
  108  8:38  Roach  
  108  8:40  Roach  
  117  8:43  Unknown, Roach  
  117  8:47  Ravager, Zergling x2  
  117  8:48  Zergling x4  
  122  8:50  Ravager  
  122  8:51  Zergling x2  
  122  8:54  Zergling x4  
  127  8:57  Ravager  
  127  8:58  Zergling x4  
  127  9:01  Zergling x4  
  132  9:09  Zergling x12  
  138  9:13  Zergling x2  
  130  9:19  Roach  
  130  9:20  Roach x3  
  130  9:23  Roach  
  130  9:24  Roach  
Show
View Real Time Build Order
Export as new Build Order

Scarlett Zerg - Winner!

Build Orders: Hatch First, Zergling Baneling 

Get SALT Encoding   

  12  0:00  Drone  
  13  0:12  Overlord  
  13  0:17  Drone  
  14  0:31  Drone x2  
  17  0:35  Drone  
  17  0:51  Hatchery  
  17  0:54  Drone  
  17  0:58  Drone  
  18  1:08  Extractor  
  17  1:12  Spawning Pool  
  17  1:16  Drone  
  17  1:19  Drone  
  18  1:28  Drone  
  19  1:39  Drone  
  20  1:49  Overlord  
  20  1:59  Queen  
  22  2:03  Queen  
  22  2:04  Drone x2  
  26  2:11  Metabolic Boost  
  26  2:12  Drone  
  28  2:15  Drone  
  28  2:23  Drone  
  28  2:25  Drone  
  30  2:33  Zergling x2  
  30  2:34  Queen  
  33  2:42  Roach Warren  
  32  2:53  Evolution Chamber, Baneling Nest  
  32  2:55  Zergling x4  
  32  2:56  Zergling x4  
  34  2:58  Overlord  
  34  3:13  Zergling x4  
  36  3:20  Zergling x12  
  36  3:25  Zergling x2  
  43  3:28  Zergling x2  
  44  3:40  Overlord  
  44  3:47  Baneling x4  
  44  3:48  Baneling x2  
  44  4:00  Zergling x16  
  51  4:16  Zergling x8  
  47  4:24  Zergling x6  
  47  4:30  Baneling x3  
  47  4:31  Drone  
  45  4:32  Drone  
  45  4:33  Drone x2  
  45  4:37  Drone  
  49  4:43  Drone x2  
  49  5:04  Evolution Chamber, Drone x2  
  49  5:06  Extractor  
  49  5:07  Drone x2  
  49  5:08  Zerg Missile Weapons Level 1  
  52  5:19  Overlord  
  52  5:22  Hatchery  
  51  5:32  Overlord  
  51  5:43  Drone x6  
  51  5:49  Roach  
  58  5:50  Roach  
  58  5:51  Roach x4  
  58  5:54  Queen, Drone  
  63  6:05  Roach  
  63  6:06  Drone x3  
  63  6:09  Overlord, Extractor  
  67  6:13  Baneling x4  
  67  6:18  Drone  
  68  6:32  Drone x6  
  74  6:39  Drone  
  70  6:40  Drone x2, Lair  
  70  6:42  Drone, Extractor  
  72  6:50  Drone x3  
  74  6:57  Drone x2  
  74  7:00  Queen  
  78  7:02  Zerg Ground Armor Level 1  
  78  7:04  Overlord  
  78  7:05  Drone  
  78  7:08  Drone  
  80  7:15  Drone x2  
  81  7:16  Overlord  
  81  7:17  Overlord x3  
  81  7:21  Drone  
  82  7:26  Evolution Chamber  
  82  7:29  Drone  
  82  7:30  Drone x3  
  82  7:31  Extractor  
  84  7:39  Roach x3  
  84  7:40  Glial Reconstitution  
  90  7:44  Drone  
  90  7:47  Roach  
  90  7:48  Roach x3  
  99  7:53  Drone  
  99  7:54  Drone, Roach  
  99  7:55  Hatchery  
  99  7:57  Overseer  
  102  7:59  Roach  
  102  8:00  Roach  
  106  8:12  Roach x7  
  120  8:20  Overlord x3  
  120  8:24  Overlord, Extractor  
  120  8:26  Roach  
  121  8:32  Overlord x2  
  121  8:39  Roach x5  
  131  8:45  Roach  
  133  8:49  Roach x4  
  133  8:52  Roach x3  
  133  8:54  Roach  
  133  8:55  Roach  
  151  8:58  Ravager  
  151  8:59  Roach x2  
  151  9:00  Ravager  
  151  9:01  Ravager  
  158  9:05  Roach x2  
  162  9:16  Roach x3  
  162  9:17  Roach x2  
  167  9:19  Roach x2  
  167  9:23  Roach x3  
  154  9:38  Ravager  

Tags
 
Add a new tag
Caveats
  • Supply blocks, unpowered buildings, or Contaminate may cause inaccurate times.
  • Supply counts are checked every 10 seconds.